 Dungeon Crawl Stone Soup version 0.24.0-37-gcf1ca852f1 (webtiles) character file.

Game seed: 15142090646088632268, levelgen mode: deterministic

56 theswoord the Twirler (level 3, -1/24 HPs)
             Began as a Demonspawn Gladiator on Nov 23, 2019.
             Slain by a goblin
             ... wielding a +0 club
             ... led by Robin
              (3 damage)
             ... on level 2 of the Dungeon.
             The game lasted 00:01:21 (808 turns).

theswoord the Twirler (Demonspawn Gladiator)         Turns: 808, Time: 00:01:22

Health: -1/24      AC:  9    Str: 15    XL:     3   Next: 71%
Magic:  3/3        EV: 10    Int:  9    God:
Gold:   41         SH:  0    Dex: 14    Spells: 2/2 levels left

rFire    . . .     SeeInvis .   a - +0 quarterstaff
rCold    . . .     Gourm    .   (shield currently unavailable)
rNeg     . . .     Faith    .   g - +0 chain mail
rPois    .         Spirit   .   c - +0 helmet
rElec    .         Reflect  .   (no cloak)
rCorr    .         Harm     .   (no gloves)
MR       .....                  (no boots)
Stlth    ..........             (no amulet)
HPRegen  0.08/turn              n - +3 ring of evasion
MPRegen  0.08/turn              (no ring)

@: no status effects
A: frail 1, mutation resistance 1, powered by pain 1, rot immunity
a: no special abilities


You were on level 2 of the Dungeon.
You were not hungry.

You visited 1 branch of the dungeon, and saw 2 of its levels.

You collected 41 gold pieces.

Inventory:

Hand Weapons
 a - a +0 quarterstaff (weapon)
Missiles
 d - 3 throwing nets (quivered)
Armour
 b - a +0 leather armour
 c - a +0 helmet (worn)
 g - a +0 chain mail (worn)
Jewellery
 n - a +3 ring of evasion (left hand)
Scrolls
 e - a scroll of magic mapping {unknown}
 h - a scroll of teleportation {unknown}
 l - a scroll of fog {unknown}
 o - a scroll of immolation {unknown}
Comestibles
 f - 3 rations
 i - 8 chunks of flesh


   Skills:
 - Level 2.0 Fighting
 + Level 4.3 Staves
 - Level 1.7 Throwing
 - Level 2.6 Dodging


You had 2 spell levels left.
You didn't know any spells.
Your spell library was empty.

Dungeon Overview and Level Annotations

Branches:
Dungeon (2/15)

Altars:
Vehumet

Annotations:
D:2 Robin


Innate Abilities, Weirdness & Mutations

You sometimes gain a little power by taking damage.
You are immune to rotting.
You are frail. (-10% HP)
You are somewhat resistant to further mutation.


Message History

* * * LOW HITPOINT WARNING * * *
The hobgoblin barely misses you. The goblin barely misses you.
The hobgoblin hits you.
* * * LOW HITPOINT WARNING * * *
Okay, then.
As you read the scroll labeled ROXACKU WUGAR, it crumbles to dust.
You feel blessed for a moment.
It was a scroll of remove curse.
The goblin barely misses you.
The goblin hits you but does no damage. x2
The goblin barely misses you. Robin barely misses you.
The hobgoblin closely misses you. The goblin hits you with a +0 club.
* * * LOW HITPOINT WARNING * * *
The hobgoblin barely misses you.
It was a potion of cancellation.
You feel magically purged.
The goblin no longer looks unusually strong.
The goblin hits you.
* * * LOW HITPOINT WARNING * * *
The goblin barely misses you. The goblin closely misses you.
The goblin hits you but does no damage. The hobgoblin barely misses you.
The goblin hits you with a +0 club.
You die...

.........# #........#
#........# #..%.....#
.##.. #........#
##..... ##(......?#
...... ##..ggg....#
###....#####...g@gg...#
.#...##........ggg....#
..(.###.............###
.........####.####..#
.รท)..#.#.##.....##..#
.........#.......#..#
..<.##.#.#.......# .#
....##......._......#
..######.#.......#..


You could see Robin, 2 hobgoblins and 6 goblins.

Vanquished Creatures
  An adder (D:2)
  An ooze (D:2)
  A leopard gecko (D:1)
  3 giant cockroaches (D:1)
  7 goblins
  6 hobgoblins
  7 kobolds (D:1)
  A quokka (D:2)
  6 bats
  7 rats (D:1)
40 creatures vanquished.

Notes
Turn   | Place    | Note
-------+----------+-------------------------------------------
     0 | D:1      | theswoord the Demonspawn Gladiator began the quest for the
                  | Orb.
     0 | D:1      | Reached XP level 1. HP: 16/16 MP: 1/1
    68 | D:1      | Reached skill level 3 in Staves
    82 | D:1      | Gained mutation: You are immune to rotting. [demonic
                  | ancestry]
    82 | D:1      | Reached XP level 2. HP: 9/22 MP: 2/2
   570 | D:1      | Gained mutation: You sometimes gain a little power by
                  | taking damage. [demonic ancestry]
   570 | D:1      | Reached XP level 3. HP: 26/27 MP: 3/3
   748 | D:2      | Reached skill level 4 in Staves
   782 | D:2      | Found a radiant altar of Vehumet.
   796 | D:2      | Noticed Robin
   806 | D:2      | Gained mutation: You are frail. (-10% HP) [potion of
                  | mutation]
   806 | D:2      | Gained mutation: You are somewhat resistant to further
                  | mutation. [potion of mutation]
   808 | D:2      | Slain by a goblin

Skill      XL: |  1  2  3 |
---------------+----------+-----
Staves         | 3 4 |  4.3
Fighting       | |  2.0
Throwing       | |  1.7
Dodging        | |  2.6

Action                   || total
-------------------------++-------
Melee: Quarterstaff      ||   115
  Use: Potion            ||     2
       Scroll            ||     1
Armor: Leather armour    ||    28
       Chain mail        ||    85
Dodge: Dodged            ||   107

Levels and vault maps discovered:
D:1:      eino_arrival_cavern_a, layout_rooms
D:2:      layout_rooms, lemuel_crystal_altar, overflow_temple_1_default,
          zin_purify, grunt_dithmenos_smoke_and_mirrors, old_standard_altar,
          uniq_robin
